 Dungeon Sprint DCSS version 0.30-a0-924-g0ad0bf95bc (webtiles) character file.

Game seed: 15274892654454967768

352 BigDaddyOpFi the Lightning Rod (level 6, -11/47 HPs)
             Began as an Octopode Fighter on Mar 22, 2023.
             Was a Follower of Qazlal.
             Mangled by a yellow draconian
             ... wielding a +0 dire flail
              (19 damage)
             ... in the Dungeon (Sprint V: "Ziggurat Sprint").
             The game lasted 00:01:27 (308 turns).

BigDaddyOpFi the Lightning Rod (Octopode Fighter)    Turns: 308, Time: 00:01:28

Health: -11/47     AC:  1    Str: 29    XL:     6   Next: 61%
Magic:  11/11      EV: 15    Int: 22    God:    Qazlal [*.....]
Gold:   0          SH: 22    Dex: 24    Spells: 5/5 levels left

rFire   . . .      SeeInvis +    b - +16 obsidian axe {drain, demonic, Mesm Drain Fly SInv}
rCold   . . .      Faith    .    B - +3 tower shield
rNeg    . . .      Spirit   .    (helmet restricted)
rPois   .          Reflect  .    (no amulet)
rElec   .          Rampage  .    t - ring of flight
rCorr   .          NoTele   +    u - +6 ring of dexterity
Will    .....                    v - +6 ring of dexterity
Stlth   +++                      w - +6 ring of intelligence
HPRegen 0.27/turn                x - +6 ring of intelligence
MPRegen 0.12/turn                y - +6 ring of strength
                                 z - +6 ring of strength
                                 (no ring)

@: flying, mesmerised
A: almost no armour, amphibious, 8 rings, camouflage 1, gelatinous body 1,
(nimble swimmer 1), tentacles
a: Renounce Religion


You were in the Dungeon.
You worshipped Qazlal.
Qazlal was aware of your devotion.
You visited 1 branch

Inventory:

Hand Weapons
 b - the +16 obsidian axe (weapon) {drain, demonic, Mesm Drain Fly SInv}
   (You found it in the Dungeon)

   Mesm:      Its wielder is mesmerised by any visible foes, and it cannot be
   unequipped while any foes are visible.
   SInv:      It lets you see invisible.
   Fly:       It grants you flight.
   Drain:     It drains your maximum health when unequipped.
Armour
 B - a +3 tower shield (worn)
Jewellery
 t - a ring of flight (left tentacle)
 u - a +6 ring of dexterity (right tentacle)
 v - a +6 ring of dexterity (on tentacle)
 w - a +6 ring of intelligence (on tentacle)
 x - a +6 ring of intelligence (on tentacle)
 y - a +6 ring of strength (on tentacle)
 z - a +6 ring of strength (on tentacle)
Wands
 r - a wand of mindburst (7)
 s - a wand of quicksilver (7)
Scrolls
 i - 4 scrolls of blinking
 n - 4 scrolls of amnesia
 o - 7 scrolls of fog
 p - 5 scrolls of identify
 q - 2 scrolls of fear
Potions
 c - 6 potions of might
 d - 10 potions of curing
 e - 9 potions of heal wounds
 f - 10 potions of haste
 g - 7 potions of magic
 h - 3 potions of berserk rage
 j - 2 potions of brilliance
 k - 2 potions of invisibility
 l - 4 potions of resistance
Miscellaneous
 A - a lightning rod (4/4)


   Skills:
 + Level 6.8 Fighting
 + Level 6.6 Axes
 + Level 6.8 Dodging
 + Level 6.8 Shields
 * Level 7.6 Invocations


You had 5 spell levels left.
You didn't know any spells.
Your spell library contained the following spells:

 Spells                   Type           Power      Damage    Failure   Level
 Kindle Blastsparks       Fire/Tloc/Air  0%         2d10      99%         3
 Mephitic Cloud           Conj/Pois/Air  0%         N/A       99%         3
 Spider Form              Tmut/Pois      0%         N/A       99%         3
 Passage of Golubria      Tloc           0%         N/A       100%        4
 Alistair's Intoxication  Tmut/Pois      0%         N/A       100%        5


Dungeon Overview and Level Annotations

Branches:
Dungeon (1/1)

Altars:
Ashenzari
Cheibriados
Dithmenos
Elyvilon
Fedhas
Gozag
Hepliaklqana
Kikubaaqudgha
Makhleb
Nemelex Xobeh
Okawaru
Qazlal
Ru
Sif Muna
Trog
Uskayaw
Vehumet
Wu Jian
Xom
Yredelemnul
Zin
The Shining One
Jiyva
Lugonu

Annotations:
D 1 transporter


Innate Abilities, Weirdness & Mutations

You cannot wear most types of armour.
You are amphibious.
You can wear up to eight rings at the same time.
Your skin changes colour to match your surroundings (Stealth+).
Your rubbery body absorbs attacks. (AC +1, EV +1)
((You are camouflaged when in or above water. (Stealth+)))
You have tentacles for arms and can constrict up to eight enemies at once.


Message History

You start resting.
HP restored.
You start resting.
Magic restored.
You start waiting.
Done waiting.
You see here the +8 dagger of Classification {freeze, rF+ Dex+3}.
You see here a lightning rod (4/4).
You see here the +8 dagger of Classification {freeze, rF+ Dex+3}.
You pick up the Codex of the Blinking Hornet and begin reading...
You add the spells Mephitic Cloud, Kindle Blastsparks, Spider Form, Passage of Golubria and Alistair's Intoxication to your library.
You see here the +8 dagger of Classification {freeze, rF+ Dex+3}.
There is a transporter here.
Welcome to arena 3.
You enter the transporter and appear at another place. 3 draconians and a yellow draconian come into view.
Visions of slaying the yellow draconian flood into your mind.
Found four items.
Found a transporter.
The draconian roars! x3
The yellow draconian hits your rust devil with a +0 dire flail!
Your rust devil hits the yellow draconian.
You swap places.
Visions of slaying the draconian flood into your mind.
Your rust devil disappears in a puff of smoke!
The draconian hits you with a +0 flail!!
The yellow draconian hits you with a +0 dire flail!
You slash the yellow draconian! You drain the yellow draconian.
You grab the yellow draconian.
The yellow draconian is lightly wounded.
You barely miss the draconian. You completely miss the draconian.
You closely miss the draconian.
Visions of slaying the yellow draconian flood into your mind.
You constrict the yellow draconian, but do no damage.
You block the draconian's attack.
The draconian hits you with a +0 dagger!
* * * LOW HITPOINT WARNING * * *
You block the yellow draconian's attack.
You block the draconian's attack. The draconian misses you.
The yellow draconian hits you with a +0 dire flail!!
You die...

▓▓▓▓▓▓▓▓▓▓▓▓▓▓▓▓▓▓▓
▓.8©8.▓.8©8.▓.8©8.▓
▓.)!).▓..)}.▓.....▓
▓.ddd.▓.....▓.[...▓
▓.d@○.▓.....▓.....▓
▓..§..▓.)...▓.....▓
▓.....▓.....▓..©..▓
▓..©..▓..©..▓▓▓▓▓▓▓
▓▓▓▓▓▓▓▓▓▓▓▓▓


You could see a yellow draconian (mesmerising, drained) and 3 draconians.

Vanquished Creatures
  A spriggan (D)
  A black bear (D)
  A wolf (D)
  2 mummies (D)
5 creatures vanquished.

Notes
Turn   | Place    | Note
-------+----------+-------------------------------------------
     0 | D        | BigDaddyOpFi the Octopode Fighter began the quest for the
                  | Orb.
     0 | D        | Reached XP level 1. HP: 16/16 MP: 1/1
     0 | D        | Found a shimmering blue altar of Sif Muna.
     0 | D        | Found a bloodstained altar of Trog.
     0 | D        | Found a sacrificial altar of Ru.
     0 | D        | Found a stormy altar of Qazlal.
     0 | D        | Found an iron altar of Okawaru.
     1 | D        | Found a sparkling altar of Nemelex Xobeh.
     1 | D        | Found a blossoming altar of Fedhas.
     1 | D        | Found the +6 Majin-Bo {spellvamp, MP+6 Int+6}
     1 | D        | Found the +27 heavy crossbow "Sniper" {heavy, Acc+∞ SInv}
     1 | D        | Found the +10 dark maul {heavy}
     1 | D        | Found the +15 Maxwell's patent armour {-Cast -Tele rElec
                  | Will+ rCorr}
     1 | D        | Found the +18 shield of the Gong {Loud rN+ Will+ rCorr
                  | EV-5}
     1 | D        | Found the +16 obsidian axe {drain, demonic, Mesm Drain Fly
                  | SInv}
     1 | D        | Found the +7 great mace "Firestarter" {flame, inner flame,
                  | rFlCloud rF++}
     1 | D        | Found the +6 shillelagh "Devastator" {shatter}
     1 | D        | Found the +11 plutonium sword {Contam Stlth-}
     1 | D        | Found the +8 lance "Wyrmbane" {slay drac, rPois rF+ rC+
                  | AC+3}
     1 | D        | Found the +9 sword of Zonguldrok {reap}
     1 | D        | Found the +13 scythe of Curses {drain, curses, Drain}
     1 | D        | Found the +9 sword of Power {lifebolt}
     1 | D        | Found the +7 mace of Variability {chaos, chain chaos}
     1 | D        | Found the +11 Singing Sword {sonic wave}
     1 | D        | Found the +8 storm bow {elec, penet}
     3 | D        | Found a transporter.
     3 | D        | Found an ancient bone altar of Kikubaaqudgha.
     3 | D        | Found a viscous altar of Jiyva.
     3 | D        | Found a corrupted altar of Lugonu.
     3 | D        | Found a hazy altar of Hepliaklqana.
     3 | D        | Found a burning altar of Makhleb.
     3 | D        | Found an opulent altar of Gozag.
    84 | D        | Became a worshipper of Qazlal Stormbringer
    85 | D        | Reached XP level 2. HP: 23/23 MP: 2/2
   104 | D        | Entered arena 2.
   104 | D        | Found a transporter.
   107 | D        | Reached skill level 1 in Invocations
   109 | D        | Reached skill level 5 in Shields
   109 | D        | Reached skill level 2 in Invocations
   109 | D        | Reached XP level 3. HP: 28/28 MP: 2/4
   134 | D        | Entered arena 3.
   134 | D        | Noticed a black bear
   134 | D        | Noticed a wolf
   134 | D        | Noticed a spriggan
   134 | D        | Found a transporter.
   138 | D        | Killed a wolf
   138 | D        | Reached * piety under Qazlal
   139 | D        | Reached skill level 5 in Fighting
   139 | D        | Reached skill level 5 in Axes
   139 | D        | Reached skill level 5 in Dodging
   139 | D        | Reached skill level 4 in Invocations
   139 | D        | Reached XP level 4. HP: 34/35 MP: 4/7
   140 | D        | Killed a spriggan
   140 | D        | Killed a black bear
   141 | D        | Reached skill level 7 in Invocations
   141 | D        | Reached XP level 5. HP: 37/42 MP: 4/10
   141 | D        | Reached XP level 6. HP: 41/47 MP: 4/11
   301 | D        | Got the Codex of the Blinking Hornet
   304 | D        | Entered arena 4.
   304 | D        | Noticed a draconian
   304 | D        | Noticed a draconian
   304 | D        | Noticed a draconian
   304 | D        | Noticed a yellow draconian
   304 | D        | Found a transporter.
   308 | D        | Mangled by a yellow draconian

Illustrated notes

Levels and vault maps discovered:
D:        sprint_v [room_start, room_1, room_2, room_3, room_4, room_5, room_6,
          room_7, room_8, room_9, room_10, room_11, room_12, room_13, room_14,
          room_15, room_16, room_17, room_18, room_19, room_20, room_21,
          room_22, room_23, room_24, room_25, room_26, room_27]

Skill      XL: |  1  2  3  4 |
---------------+-------------+-----
Fighting       | 4 5 6 |  6.8
Axes           | 4 5 6 |  6.6
Dodging        | 4 5 6 |  6.8
Shields        | 4 5 6 |  6.8
Invocations    | 2 4 7 |  7.6

Action                     |  1- 3 |  4- 6 || total
---------------------------+-------+-------++-------
  Melee: Broad axe         |     3 |     3 ||     6
         Constrict         |       |     2 ||     2
    Use: Potion            |     2 |       ||     2
   Stab: Sleeping          |     1 |       ||     1
  Dodge: Dodged            |     3 |     1 ||     4
  Block: Tower shield      |     5 |     6 ||    11

Table legend: (Time is in decaauts)
 A = Elapsed time spent in this place.
 B = Non-inter-level travel time spent in this place.
 C = Inter-level travel time spent in this place.
 D = Time resting spent in this place.
 E = Time spent auto-exploring this place.
 F = Levels seen in this place.
 G = Mean time per level.
                   A        B        C        D        E       F      G
               +--------+--------+--------+--------+--------+-----+--------+
         Total |    307 |    307 |      0 |    166 |      0 |   1 |  307.0 |
       Dungeon |    307 |    307 |      0 |    166 |      0 |   1 |  307.0 |
               +--------+--------+--------+--------+--------+-----+--------+

Top non-repeatable levels by time:
       D: 307 daAuts
